 Dungeon Crawl Stone Soup version 0.31-a0-1363-g282adc679d (webtiles) character file.

Game seed: 8657376481281431184

1623565 iamserjio the Slayer (level 27, 192/192 HPs)
             Began as an Octopode Wanderer on Dec 22, 2023.
             Was the Champion of Hepliaklqana.
             Escaped with the Orb
             ... and 3 runes on Dec 23, 2023!
             The game lasted 02:59:48 (76122 turns).

iamserjio the Slayer (Octopode Wanderer)           Turns: 76122, Time: 02:59:49

Health: 192/192    AC: 12    Str: 19    XL:     27
Magic:  46/46      EV: 47    Int: 17    God:    Hepliaklqana [******]
Gold:   5267       SH: 22    Dex: 38    Spells: 11/46 levels left

rFire   + + .        b - +8 trishula "Condemnation" {holy, anguish, *Noise Fly rN+}
rCold   + . .        F - +5 kite shield
rNeg    + . .        J - +1 hat "Jacsem" {rF+ Str-4 Dex+4}
rPois   +            D - amulet "Mashrar" {Acrobat +Blink Str+5 Slay+3}
rElec   .            u - +4 ring of protection
rCorr   .            o - +5 ring of evasion
SInv    .            w - +4 ring of protection
Will    ++++.        g - ring of Spite {rPois Dex+6 Stlth+}
Stlth   +++          s - ring "Atuneoph" {rPois rC+}
HPRegen 0.52/turn    G - ring of the Tarantula {+Blink MP+9 Dex+3}
MPRegen 0.30/turn    z - ring of Untruth {Wiz rC- Will++ Dex+5}
                     f - ring "Ydgheasuu" {Fly rC+ Dex+4}

%: acrobat, wizardry (x1)
@: maw-form, flying
A: devouring maw, reduced essence, almost no armour, amphibious, 8 rings,
camouflage 1, gelatinous body 1, (nimble swimmer 1), tentacles, iridescent
scales 1, fire resistance 1, noise suppression
0: Orb of Zot
}: 3/15 runes: decaying, silver, gossamer
a: Begin Untransformation, Renounce Religion, Evoke Blink, Recall Ancestor,
Ancestor Identity, Transference, Idealise


You escaped.
You worshipped Hepliaklqana.
Hepliaklqana was exalted by your worship.
You were a creature with a mouth for a stomach.
You visited 11 branches of the dungeon, and saw 51 of its levels.
You visited the Abyss 1 time.
You also visited: Ice Cave and Volcano.

You collected 8203 gold pieces.
You spent 2936 gold pieces at shops.

Inventory:

Hand Weapons
 b - the +8 trishula "Condemnation" (weapon) {holy, anguish, *Noise Fly rN+}
   (You took it off a deep elf sorcerer on level 3 of the Elven Halls)

   rN+:       It protects you from negative energy.
   Fly:       It grants you flight.
   *Noise:    It may make a loud noise when swung.
 L - a +9 demon trident of flaming
 X - the +5 war axe of Impeachment {antimagic, rN+ Str+5}
   (You found it on level 2 of the Vaults)

   Str+5:     It affects your strength (+5).
   rN+:       It protects you from negative energy.
Missiles
 E - a throwing net {!f}
 U - 11 curare-tipped darts (quivered)
Armour
 F - a +5 kite shield (worn)
 J - the +1 hat "Jacsem" (worn) {rF+ Str-4 Dex+4}
   (You found it on level 6 of the Dungeon)

   Str-4:     It affects your strength (-4).
   Dex+4:     It affects your dexterity (+4).
   rF+:       It protects you from fire.
Jewellery
 e - the ring "Vaunkier" {rN+ rCorr MP-9 Int+2 Dex+3}
   (You took it off a frost giant on level 2 of the Depths)

   [ring of resist corrosion]

   Int+2:     It affects your intelligence (+2).
   Dex+3:     It affects your dexterity (+3).
   rN+:       It protects you from negative energy.
   MP-9:      It affects your magic capacity (-9).
   rCorr:     It protects you from acid and corrosion.
 f - the ring "Ydgheasuu" (on tentacle) {Fly rC+ Dex+4}
   (You took it off a frost giant on level 2 of the Depths)

   [ring of flight]

   Dex+4:     It affects your dexterity (+4).
   rC+:       It protects you from cold.
   Fly:       It grants you flight.
 g - the ring of Spite (on tentacle) {rPois Dex+6 Stlth+}
   (You bought it in a shop on level 2 of the Orcish Mines)

   [ring of poison resistance]

   Dex+6:     It affects your dexterity (+6).
   rPois:     It protects you from poison Stlth+: It makes you more stealthy.
 j - a ring of willpower
 l - a +6 ring of intelligence
 o - a +5 ring of evasion (right tentacle)
 q - an amulet of reflection
 s - the ring "Atuneoph" (on tentacle) {rPois rC+}
   (You found it on level 11 of the Dungeon)

   [ring of poison resistance]

   rC+:       It protects you from cold.
   rPois:     It protects you from poison
 u - a +4 ring of protection (left tentacle)
 w - a +4 ring of protection (on tentacle)
 y - the ring "Ocamy Riu" {rF+ rC- Dex+6 SInv}
   (You took it off a deep elf sorcerer on level 3 of the Elven Halls)

   [ring of dexterity]

   Dex+6:     It affects your dexterity (+6).
   rF+:       It protects you from fire.
   rC-:       It makes you vulnerable to cold.
   SInv:      It lets you see invisible.
 z - the ring of Untruth (on tentacle) {Wiz rC- Will++ Dex+5}
   (You took it off a fire giant on level 5 of the Vaults)

   [ring of wizardry]

   Wiz:       It improves your spell success rate.
   Dex+5:     It affects your dexterity (+5).
   rC-:       It makes you vulnerable to cold.
   Will++:    It greatly increases your willpower.
 A - the ring "Parovel" {Int+2 SInv}
   (You took it off a deep elf high priest on level 3 of the Elven Halls)

   [ring of see invisible]

   Int+2:     It affects your intelligence (+2).
   SInv:      It lets you see invisible.
 D - the amulet "Mashrar" (around mantle) {Acrobat +Blink Str+5 Slay+3}
   (You took it off a hell knight on level 2 of the Depths)

   [amulet of the acrobat]

   Acrobat:   It increases your evasion while moving and waiting.
   Str+5:     It affects your strength (+5).
   Slay+3:    It affects your accuracy & damage with ranged weapons and melee
   (+3).
   +Blink:    It lets you blink.
 G - the ring of the Tarantula (on tentacle) {+Blink MP+9 Dex+3}
   (You took it off a deep elf elementalist on level 3 of the Elven Halls)

   [ring of magical power]

   Dex+3:     It affects your dexterity (+3).
   MP+9:      It affects your magic capacity (+9).
   +Blink:    It lets you blink.
 H - the ring "Arpheb" {Will+ Str+9 Int-2 Dex+2}
   (You found it on level 1 of the Depths)

   [ring of willpower]

   Str+9:     It affects your strength (+9).
   Int-2:     It affects your intelligence (-2).
   Dex+2:     It affects your dexterity (+2).
   Will+:     It increases your willpower.
 O - a ring of resist corrosion
 R - a +4 ring of slaying
 S - the amulet "Naados" {-Cast Regen+ Dex+8}
   (You bought it in a shop on level 2 of the Orcish Mines)

   [amulet of regeneration]

   Dex+8:     It affects your dexterity (+8).
   -Cast:     It prevents spellcasting.
   Regen+:    It increases your rate of health regeneration.
Talismans
 h - a maw talisman (active)
Wands
 i - a wand of mindburst (31)
 K - a wand of charming (47)
 T - a wand of quicksilver (30)
 Y - a wand of iceblast (35) {@v2}
Scrolls
 a - 6 scrolls of blinking {@r4}
 c - 3 scrolls of silence
 x - 8 scrolls of fear
 B - 4 scrolls of fog
 I - 2 scrolls of summoning
 V - 17 scrolls of teleportation {@r3}
Potions
 d - 14 potions of heal wounds {@q2}
 m - 14 potions of curing {@q1}
 n - 2 potions of resistance {@q5}
 p - 4 potions of magic
 t - 14 potions of mutation
 v - 3 potions of cancellation
 C - 7 potions of haste {@q4}
 M - 2 potions of brilliance
 N - 6 potions of ambrosia
 P - 2 potions of invisibility
 Q - 8 potions of lignification
 W - 5 potions of might {@q3}
Miscellaneous
 k - a phantom mirror
 r - a phial of floods
 Z - a tin of tremorstones (2/2)


   Skills:
 * Level 24.1 Fighting
 - Level 2.0(2.4) Short Blades
 - Level 2.1(2.5) Long Blades
 + Level 19.5 Polearms
 + Level 20.3 Dodging
 - Level 11.0 Stealth
 - Level 12.6 Shields
 - Level 10.0 Spellcasting
 - Level 12.2 Hexes
 - Level 11.0 Summonings
 - Level 9.7 Translocations
 - Level 2.0 Fire Magic
 - Level 8.5 Air Magic
 - Level 8.1 Earth Magic
 - Level 8.8 Alchemy
 - Level 13.7 Invocations
 - Level 15.0 Evocations
 - Level 12.0 Shapeshifting


You had 11 spell levels left.
You knew the following spells:

 Your Spells              Type           Power      Damage    Failure   Level
a - Swiftness             Air            37%        N/A       1%          3
b - Cause Fear            Hex            25%        N/A       1%          4
c - Call Canine Familiar  Summ           45%        N/A       1%          3
d - Passwall              Alch/Erth      30%        N/A       1%          2
e - Summon Forest         Summ/Tloc      21%        N/A       2%          5
f - Summon Mana Viper     Hex/Summ       48%        N/A       1%          5
g - Passage of Golubria   Tloc           41%        N/A       1%          4
h - Silence               Hex/Air        21%        N/A       2%          5
i - Summon Lightning Spi  Summ/Air       41%        N/A       1%          4

Your spell library contained the following spells:

 Spells                   Type           Power      Damage    Failure   Level
 Sandblast                Erth           72%        2d16      1%          1
 Slow                     Hex            100%       N/A       1%          1
 Summon Small Mammal      Summ           100%       N/A       1%          1
 Cigotuvi's Dreadful Rot  Necr/Alch/Air  56%        N/A       1%          2
 Ensorcelled Hibernation  Hex/Ice        58%        N/A       1%          2
 Mercury Vapours          Alch/Air       76%        N/A       1%          2
 Static Discharge         Conj/Air       46%        3-5/arc   1%          2
 Confusing Touch          Hex            50%        N/A       1%          3
 Inner Flame              Hex/Fire       32%        N/A       1%          3
 Mephitic Cloud           Conj/Alch/Air  28%        N/A       1%          3
 Sigil of Binding         Hex            50%        N/A       1%          3
 Summon Guardian Golem    Hex/Summ       48%        N/A       1%          3
 Tukima's Dance           Hex            50%        N/A       1%          3
 Volatile Blastmotes      Fire/Tloc      56%        2d14      1%          3
 Airstrike                Air            18%        2d(3-19)  1%          4
 Dimensional Bullseye     Hex/Tloc       22%        N/A       1%          4
 Leda's Liquefaction      Alch/Erth      18%        N/A       1%          4
 Petrify                  Alch/Erth      37%        N/A       1%          4
 Yara's Violent Unravell  Hex/Alch       22%        3d10      2%          5
 Stone Arrow              Conj/Erth      44%        3d9       3%          3
 Foxfire                  Conj/Fire      44%        2x1d6     4%          1
 Kiss of Death            Conj/Necr      32%        2d7       6%          1
 Magic Dart               Conj           32%        1d4       6%          1
 Necrotise                Necr           32%        1d5       6%          1
 Ignite Poison            Fire/Alch      27%        N/A       6%          4
 Sticky Flame             Fire/Alch      27%        2d7       6%          4
 Summon Ice Beast         Ice/Summ       27%        N/A       6%          4
 Searing Ray              Conj           16%        2d5       9%          2
 Sublimation of Blood     Necr           8%         N/A       9%          2
 Iskenderun's Mystic Bla  Conj/Tloc      25%        2d7       9%          4
 Fulminant Prism          Conj/Alch      11%        3d9       10%         4
 Summon Cactus Giant      Summ           22%        N/A       10%         6
 Brom's Barrelling Bould  Conj/Erth      22%        2d4       12%         4
 Hailstorm                Conj/Ice       8%         3d5       17%         3
 Vampiric Draining        Necr           8%         2d6       17%         3
 Eringya's Noxious Bog    Alch           19%        4d6       24%         6
 Arcjolt                  Conj/Air       11%        1d21      26%         5
 Irradiate                Conj/Alch      11%        3d15      26%         5
 Flame Wave               Conj/Fire      11%        2d6       34%         4
 Freezing Cloud           Conj/Ice/Air   9%         6-21      43%         5
 Monstrous Menagerie      Summ           22%        N/A       45%         7
 Summon Hydra             Summ           22%        N/A       45%         7
 Dispel Undead            Necr           8%         3d8       47%         4
 Malign Gateway           Summ/Tloc      21%        N/A       54%         7
 Plasma Beam              Fire/Air       13%        2x1d24    67%         6
 Fireball                 Conj/Fire      5%         3d5       69%         5
 Conjure Ball Lightning   Conj/Air       11%        3x3d6     80%         6
 Agony                    Necr           8%         N/A       82%         5
 Iskenderun's Battlesphe  Conj           8%         2d6       82%         5
 Summon Horrible Things   Summ           22%        N/A       98%         8
 Spellforged Servitor     Conj/Summ      13%        N/A       99%         7
 Simulacrum               Ice/Necr       4%         N/A       100%        6
 Orb of Destruction       Conj           4%         9d5       100%        7
 Ignition                 Fire           7%         3d5       100%        8
 Lehudib's Crystal Spear  Conj/Erth      11%        10d4      100%        8
 Dragon's Call            Summ           22%        N/A       100%        9
 Polar Vortex             Ice            4%         N/A       100%        9


Dungeon Overview and Level Annotations

Branches:
Dungeon (15/15)            Temple (1/1) D:5            Lair (5/5) D:8
  Swamp (4/4) Lair:3       Spider (4/4) Lair:3        Slime (0/5) Lair:5
    Orc (2/2) D:9             Elf (3/3) Orc:2        Vaults (5/5) D:13
  Crypt (3/3) Vaults:3       Tomb (0/3) Crypt:3      Depths (4/4) D:15
    Zot (5/5) Depths:4      IceCv (visited)         Volcano (visited)

Altars:
Ashenzari
Cheibriados
Dithmenos
Elyvilon
Fedhas
Gozag
Hepliaklqana
Kikubaaqudgha
Makhleb
Nemelex Xobeh
Okawaru
Qazlal
Ru
Sif Muna
Trog
Uskayaw
Vehumet
Wu Jian
Xom
Yredelemnul
Zin
The Shining One
Jiyva
Lugonu

Shops:
D:3 :   Orc:2 =*[**   Vaults:1 [   Vaults:2 ?   Depths:2 [

Portals:
Hell: Depths:1 Depths:2 Depths:3 Depths:4
Abyss: Lair:5 Depths:1 Depths:3
Pandemonium: Orc:2 Depths:2 Depths:3 Depths:4
Ziggurat: Depths:4
Trove: D:13 (give 5 scrolls of fog)

Annotations:
D:6 1 exclusion
D:7 1 exclusion
Lair:4 exclusion: downstairs
Zot:1 1 runed translucent door, Lioda's ghost, legendary MiBe


Innate Abilities, Weirdness & Mutations

You are a creature with a mouth for a stomach.
Your midsection houses a second, enormous mouth.
Your life essence is reduced to manifest your ancestor. (-10% HP)
You cannot wear most types of armour.
You are amphibious.
You can wear up to eight rings at the same time.
Your skin changes colour to match your surroundings (Stealth+).
Your rubbery body absorbs attacks. (AC +1, EV +1)
((You are camouflaged when in or above water. (Stealth+)))
You have tentacles for arms and can constrict up to eight enemies at once.
You are partially covered in iridescent scales. (AC +2)
Your flesh is heat resistant. (rF+)
You passively dampen the noise of your surroundings.


Message History

Aiming: Passwall (safe; 1% risk of failure)
Press: ? - help, Dir - move target A rock wall.
This square is covered in magical glow.
You begin to meditate on the wall.
You continue meditating on the rock. x2
You finish merging with the rock.
The green death roars!
The green death completely misses you. You block the green death's attack.
The green death gestures at you. You block the poison arrow.
There is a stone staircase leading up here.
You fly upwards.
There is a stone staircase leading down here.
An Ufrer, a lich, a rust devil and a sixfirhy come into view.
There is an escape hatch in the ceiling here.
The rust devil screeches!
A mysterious force pulls you upwards. The hatch slams shut behind you.
An Orb Guardian comes into view.
Huemac is recalled.
Huemac casts a spell.
Huemac seems to speed up.
The Orb Guardian completely misses you.
You puncture the Orb Guardian!
The Orb Guardian is haunted by guilt!
You bite the Orb Guardian. The Orb Guardian completely misses you.
Huemac casts a spell at the Orb Guardian.
The bolt of magma hits the Orb Guardian!!!
You impale the Orb Guardian!!
You tentacle-slap the Orb Guardian, but do no damage.
You squeeze the Orb Guardian, but do no damage.
You bite the Orb Guardian.
You kill the Orb Guardian!
A giant cockroach comes into view.
There is an open door here.
The giant cockroach bites you.
Huemac hits the giant cockroach with a +0 lajatang of freezing!
Huemac freezes the giant cockroach.
The giant cockroach dies!
There is a staircase leading out of the dungeon here.
You have escaped!

##### ######.WR######
###.............#####
###.................#.###
#.+..............†..'...#
##.#.................#.#.#
#..###.............###.#.#
####.## ###.........###
#.#.# ##....# ###.....###
#.#.# .....##
###.........### #.#.####


You could see the friendly Huemac the battlemage (fast).

Vanquished Creatures
  An ancient lich (Zot:5)
  Vv (Crypt:3)
  5 Killer Klowns
  8 golden dragons
  The ghost of Ukiefoc the Devastator, an adept DrFE of Vehumet (Vaults:2)
  An electric golem (Zot:5)
  A bone dragon (Depths:4)
  Zenata (Elf:1)
  13 tentacled monstrosities
  Jorgrun (D:13)
  A lich (Crypt:2)
  A walking crystal tome (Depths:3)
  2 titans (Vaults:5)
  A walking frostbound tome (Depths:2)
  16 Orb Guardians
  2 deep elf blademasters (Elf:3)
  4 quicksilver dragons
  3 deep elf master archers (Elf:3)
  6 sphinxes
  2 tentacled starspawn
  Agnes (Elf:1)
  2 ancient champions
  A thorn hunter (Swamp:4)
  Frances (D:13)
  5 death cobs
  A shadow dragon (Vaults:5)
  12 storm dragons
  5 tengu reavers
  A revenant (Crypt:2)
  8 frost giants
  An iron dragon (Depths:2)
  3 deep elf sorcerers (Elf:3)
  4 draconian monks
  2 draconian scorchers
  3 draconian knights (Zot:2)
  6 fire giants
  3 draconian shifters
  4 protean progenitors
  A curse skull (Crypt:1)
  4 ghost moths
  2 emperor scorpions (Spider:2)
  2 juggernaut zombies (Depths:3)
  14 vault wardens
  A draconian stormcaller (Zot:5)
  9 ghouls
  2 broodmothers (Spider:4)
  4 deep elf elementalists
  A cacodemon (Depths:1)
  18 stone giants
  20 very ugly things
  2 war gargoyles (Crypt:3)
  A spriggan defender (Depths:3)
  A quicksilver ooze (shapeshifter) (Vaults:5)
  2 formless jellyfish (Vaults:3)
  A caustic shrike skeleton (Crypt:3)
  7 ironbound preservers
  4 draconian annihilators (Zot:3)
  2 vampire knights
  An ironbound thunderhulk (Vaults:4)
  7 green draconians
  2 lorocyprocas (Depths:3)
  4 deep elf death magi (Elf:3)
  5 bunyips
  5 deep elf annihilators
  6 black draconians
  4 purple draconians
  8 spark wasps
  10 red draconians
  4 white draconians
  3 dire elephants
  3 deep elf demonologists
  5 yellow draconians
  Azrael (Elf:2)
  13 ettins
  3 crystal guardians
  A blizzard demon (Abyss:2)
  4 fire dragons
  Snorg (D:12)
  An entropy weaver (Spider:2)
  A shambling mangrove (Swamp:4)
  3 yaktaur captains
  A green death (Depths:2)
  3 jiangshi
  An eidolon (Crypt:1)
  Josephine (Lair:4)
  4 ice dragons
  17 vault guards
  2 deep elf high priests
  5 great orbs of eyes
  14 hydras
  An ogre mage (D:15)
  2 peacekeepers
  A hell beast (Depths:4)
  A catoblepas (D:14)
  3 rakshasas
  2 spriggan air magi (Depths:4)
  4 alligators
  An anaconda (shapeshifter) (Depths:4)
  A spriggan skeleton (Depths:3)
  18 centaur warriors
  A jorogumo (Spider:4)
  5 ironbound frosthearts
  5 boulder beetles
  A ghost crab (Swamp:3)
  18 dancing weapons
  2 demonspawn (Orc:2)
  A deep troll shaman (Depths:3)
  8 tengu warriors
  A titan zombie (Crypt:3)
  4 two-headed ogres
  8 demonic crawlers
  7 vampire magi
  2 death yaks
  A thrashing horror (Lair:5)
  An occultist (Depths:2)
  A deep troll earth mage (Depths:4)
  10 orc high priests
  A soul eater (Depths:4)
  13 deep elf knights
  A sun demon (Depths:1)
  3 spriggans
  4 hell knights
  A wretched star (Abyss:2)
  A spriggan berserker (Depths:3)
  21 skeletal warriors
  3 pharaoh ants
  2 skysharks (Vaults:2)
  A spatial maelstrom (Abyss:3)
  3 sixfirhies
  A spark wasp zombie (Depths:2)
  19 deep trolls
  A golden dragon zombie (Depths:3)
  3 iron trolls
  An anaconda zombie (Crypt:1)
  4 goliath frogs
  3 swamp dragons
  9 deep elf archers
  4 glowing orange brains
  2 flayed ghosts (Crypt:2)
  A sun moth (Spider:4)
  6 orb spiders
  An obsidian statue (Depths:1)
  A deep troll (shapeshifter) (Vaults:5)
  2 steelbarb worms
  A tengu zombie (Vaults:1)
  A shadow demon (Depths:4)
  3 bog bodies
  4 lindwurms
  2 arcanists
  23 deep elf pyromancers
  21 deep elf zephyrmancers
  14 ironbound convokers
  7 phantasmal warriors
  A mana viper (Abyss:2)
  5 orc knights
  10 necromancers
  3 harpies
  17 ugly things
  10 wolf spiders
  An alligator zombie (Crypt:1)
  An anaconda skeleton (Crypt:3)
  2 large abominations
  3 orc sorcerers (Orc:2)
  4 cyclopes
  5 manticores
  2 will-o-the-wisps (Swamp:4)
  An elephant (shapeshifter) (Lair:5)
  19 moths of wrath
  11 elephants
  27 slime creatures
  A frost giant skeleton (Depths:3)
  3 black mambas
  2 ice statues (IceCv)
  An eye of devastation (shapeshifter) (Vaults:5)
  2 smoke demons
  8 vault sentinels
  3 gargoyles
  8 cane toads
  A torpor snail (shapeshifter) (Vaults:2)
  3 rime drakes
  2 torpor snails
  A tormentor (Depths:1)
  5 tengu conjurers
  2 freezing wraiths
  18 yaktaurs
  A great orb of eyes zombie (Crypt:1)
  2 meliai (D:13)
  3 komodo dragons
  2 red devils
  5 trolls
  A moth of wrath zombie (Crypt:1)
  7 tyrant leeches
  3 polar bears
  3 harpy zombies
  10 tarantellas
  8 hornets
  A hydra skeleton (Crypt:3)
  A sun moth zombie (Crypt:1)
  11 blink frogs
  13 dream sheep
  3 raiju
  A fire dragon zombie (Crypt:3)
  A fire giant simulacrum (Depths:2)
  An ettin skeleton (Crypt:3)
  10 jumping spiders
  5 ynoxinuls
  26 flying skulls
  3 air elementals
  10 culicivoras
  A water elemental (Elf:2)
  A yak (shapeshifter) (Lair:5)
  A fire dragon skeleton (Crypt:1)
  41 yaks
  5 wyverns
  A hog (D:11)
  5 wraiths
  3 basilisks
  6 fire elementals
  3 wargs
  20 redbacks
  A neqoxec (Orc:2)
  5 vampire mosquitoes
  A harpy simulacrum (Crypt:1)
  10 swamp worms
  2 chaos spawn
  9 small abominations
  An acid dragon (D:13)
  8 water moccasins
  28 orc warriors
  6 swamp drakes
  5 black bears
  2 sky beasts
  2 wolves (D:8)
  An ice beast (D:8)
  13 centaurs
  A human skeleton (Vaults:1)
  7 ogres
  A tengu (D:12)
  3 kobold brigands
  7 necrophages
  10 bullfrogs
  A gnoll sergeant (D:9)
  A salamander skeleton (Crypt:2)
  A cane toad simulacrum (IceCv)
  4 scorpions
  2 wights (D:8)
  An orc simulacrum (Vaults:1)
  11 killer bees
  2 elephant simulacra (IceCv)
  2 howler monkeys (D:7)
  10 electric eels
  A quasit (Abyss:2)
  A jelly (D:3)
  17 orc priests
  2 gnoll boudas
  4 hounds
  5 iguanas
  11 orc wizards
  12 gnolls
  7 adders
  2 shadow imps
  5 white imps
  14 ufetubi
  A worm (D:2)
  5 dart slugs
  56 orcs
  8 endoplasms
  2 giant cockroaches (D:2)
  11 goblins
  2 hobgoblins
  2 jackals (D:2)
  5 quokkas
  14 ball pythons
  4 bats
  A bombardier beetle zombie (Crypt:2)
  5 frilled lizards
  14 kobolds
  6 rats
  An aspiring flesh (Depths:4)
  2 starspawn tentacles (Abyss:3)
1451 creatures vanquished.

Vanquished Creatures (collateral kills)
  3 dread liches
  4 orbs of fire (Zot:5)
  An ancient lich (Crypt:3)
  A juggernaut (Depths:2)
  7 Killer Klowns (Zot:5)
  3 golden dragons
  Norris (Vaults:2)
  A bone dragon (Crypt:3)
  An electric golem (Zot:5)
  A Tzitzimitl (Depths:2)
  Rupert (D:15)
  10 tentacled monstrosities
  11 Orb Guardians
  3 quicksilver dragons
  4 liches
  A deep elf blademaster (Elf:3)
  A titan (Depths:1)
  A deep elf master archer (Elf:3)
  4 death cobs
  An Executioner (Depths:4)
  An ancient champion (Crypt:1)
  3 shadow dragons
  Aizul (Elf:2)
  A tentacled starspawn (Abyss:2)
  4 tengu reavers
  6 storm dragons
  3 frost giants
  A revenant (Crypt:2)
  4 draconian knights
  4 fire giants
  3 deep elf sorcerers
  3 draconian shifters
  5 draconian monks
  5 draconian scorchers
  4 emperor scorpions
  3 vault wardens
  2 ghouls
  2 ghost moths
  2 deep elf elementalists (Elf:3)
  A spriggan defender (Depths:4)
  The ghost of lis82 the Cryomancer, a journeyman DgIE (Swamp:1)
  4 draconian stormcallers
  A reaper (Depths:1)
  6 ironbound preservers
  11 very ugly things
  A draconian annihilator (Zot:1)
  14 stone giants
  A cacodemon (Abyss:2)
  4 broodmothers (Spider:4)
  4 war gargoyles
  A formless jellyfish (Vaults:3)
  3 ironbound thunderhulks
  3 deep elf death magi
  2 vampire knights
  A deep elf demonologist (Elf:3)
  2 eleionomae
  8 green draconians
  3 bunyips
  5 black draconians
  7 deep elf annihilators
  4 red draconians
  12 dire elephants
  2 purple draconians (Zot:5)
  5 white draconians (Zot:5)
  4 yellow draconians
  2 spark wasps
  5 ettins
  7 jiangshi
  An eidolon (Crypt:2)
  4 fire dragons
  3 crystal guardians
  4 yaktaur captains
  4 deep elf high priests
  A shambling mangrove (Swamp:4)
  2 entropy weavers
  3 rakshasas
  5 ice dragons
  A peacekeeper (Vaults:3)
  6 hydras
  A quicksilver dragon skeleton (Crypt:1)
  2 spriggan air magi
  13 vault guards
  4 great orbs of eyes
  An ogre mage (Vaults:3)
  2 radroaches
  3 centaur warriors
  10 ironbound frosthearts
  A two-headed ogre (D:15)
  5 alligators
  5 deep troll shamans
  3 boulder beetles
  5 death yaks
  16 dancing weapons
  4 orc high priests
  5 tengu warriors
  11 demonic crawlers
  4 thrashing horrors
  2 spriggan berserkers (Depths:2)
  A soul eater (Crypt:2)
  6 vampire magi
  A deep troll earth mage (Depths:4)
  5 hell knights
  13 deep elf knights
  4 sun demons
  2 goliath frogs
  3 pharaoh ants
  2 wretched stars (Abyss:2)
  A sixfirhy (Depths:4)
  A shadow wraith (Crypt:2)
  3 skysharks
  16 deep trolls
  15 skeletal warriors
  8 swamp dragons
  3 spriggan druids
  4 bog bodies
  A quicksilver dragon simulacrum (Crypt:2)
  13 orb spiders
  6 lindwurms
  An arcanist (Vaults:4)
  3 flayed ghosts (Crypt:2)
  15 ironbound convokers
  3 phantasmal warriors
  2 steelbarb worms (Spider:4)
  A broodmother zombie (Crypt:1)
  5 harpies
  6 wolf spiders
  10 deep elf pyromancers
  12 deep elf zephyrmancers
  6 ugly things
  An orc knight (Orc:2)
  3 deep elf archers
  4 necromancers
  A cyclops (D:11)
  2 orc sorcerers (Elf:1)
  A will-o-the-wisp (Swamp:1)
  An iron dragon zombie (Depths:2)
  3 manticores
  An iron dragon skeleton (Crypt:2)
  13 moths of wrath
  A rust devil (Depths:1)
  8 elephants
  2 black mambas
  10 vault sentinels
  A centaur zombie (Crypt:1)
  3 torpor snails
  A guardian serpent (shapeshifter) (Elf:2)
  2 orange demons
  A smoke demon (Depths:1)
  A gargoyle (D:12)
  A dire elephant skeleton (Crypt:3)
  Maggie (D:10)
  3 cane toads
  A centaur skeleton (Crypt:1)
  An orb spider zombie (Crypt:1)
  A komodo dragon (Lair:3)
  2 hellions
  3 freezing wraiths
  11 yaktaurs
  2 tengu conjurers
  An efreet (D:14)
  Psyche (D:12)
  An ice devil (Depths:1)
  A merfolk (D:11)
  5 trolls
  2 bloated husks
  A meliai (D:13)
  5 red devils
  A troll (shapeshifter) (Elf:3)
  7 blink frogs
  4 polar bears
  10 hornets
  8 tyrant leeches
  A jumping spider zombie (Crypt:2)
  11 tarantellas
  4 raiju
  A glass eye (Depths:1)
  A harpy skeleton (Crypt:3)
  2 dream sheep (Lair:5)
  A raiju (shapeshifter) (Abyss:2)
  An ettin zombie (Vaults:1)
  2 air elementals (Elf:2)
  10 culicivoras
  18 slime creatures
  4 wraiths
  6 jumping spiders
  2 shadows
  12 flying skulls
  10 spriggans
  A wyvern (D:11)
  2 ynoxinuls
  2 fire elementals (Elf:2)
  7 water elementals
  Grum (D:8)
  20 yaks
  A basilisk (Lair:5)
  A hog (D:11)
  A vampire mosquito (D:12)
  16 redbacks
  A redback (shapeshifter) (Vaults:5)
  2 neqoxecs
  A harpy simulacrum (IceCv)
  5 chaos spawn
  A swamp worm (shapeshifter) (Vaults:5)
  8 swamp worms
  2 small abominations (Lair:5)
  6 water moccasins
  A two-headed ogre skeleton (Crypt:2)
  A deep troll skeleton (Crypt:1)
  2 hell hounds (Elf:2)
  5 swamp drakes
  A human zombie (Vaults:1)
  An ice beast (D:8)
  13 orc warriors
  3 black bears (D:11)
  An ettin simulacrum (Crypt:1)
  5 wolves (D:8)
  2 centaurs
  2 ogres
  A hog skeleton (Crypt:2)
  3 kobold brigands
  A phantom (D:7)
  A vine stalker zombie (Crypt:2)
  5 gnoll sergeants
  4 bullfrogs
  A cane toad simulacrum (IceCv)
  3 necrophages (Crypt:2)
  5 earth elementals
  A wight (D:8)
  4 killer bees (D:9)
  2 elephant simulacra (IceCv)
  A swamp dragon simulacrum (Crypt:2)
  6 electric eels
  2 howler monkeys
  A troll skeleton (Crypt:2)
  A gnoll bouda (D:11)
  12 orc priests
  An iron imp (Spider:3)
  12 orc wizards
  A polar bear simulacrum (IceCv)
  8 gnolls
  An adder (D:6)
  A white imp (D:6)
  2 ufetubi (D:12)
  38 orcs
  A giant cockroach (D:1)
  A hobgoblin (D:11)
  4 kobolds (D:9)
  A frilled lizard (Orc:1)
  A rat (D:2)
  2 aspiring fleshes
  A foxfire (D:11)
  A snaplasher vine (Swamp:3)
1008 creatures vanquished.

Vanquished Creatures (others)
  An ancient lich (Zot:5)
  An orb of fire (Zot:5)
  A draconian knight (Zot:5)
  A draconian scorcher (Zot:3)
  A deep elf knight (Elf:1)
  An arcanist (Vaults:3)
  4 bloated husks
  A raiju (Zot:1)
  84 battlemagi
  An ancestor (D:6)
  273 foxfires
  19 snaplasher vines
  5 starspawn tentacles
393 creatures vanquished.

Grand Total: 2852 creatures vanquished

Notes
Turn   | Place    | Note
-------+----------+-------------------------------------------
     0 | D:1      | iamserjio the Octopode Wanderer began the quest for the
                  | Orb.
     0 | D:1      | iamserjio set off with the following items: a +0 short
                  | sword, a +0 buckler, a scroll of silence; and the following
                  | spell memorised: Foxfire; and the following spells
                  | available to memorise: Ignite Poison, Sticky Flame.
     0 | D:1      | Reached XP level 1. HP: 13/13 MP: 4/4
   196 | D:1      | Reached XP level 2. HP: 19/19 MP: 0/6
   358 | D:1      | Reached skill level 2 in Fighting
   411 | D:1      | Reached skill level 1 in Dodging
   540 | D:1      | Reached XP level 3. HP: 25/25 MP: 7/7
  1424 | D:2      | Reached skill level 3 in Fighting
  1424 | D:2      | Reached XP level 4. HP: 26/31 MP: 6/8
  1522 | D:2      | Learned a level 4 spell: Sticky Flame
  2128 | D:3      | Found Jiocw's Book Boutique.
  2987 | D:4      | Reached XP level 5. HP: 37/37 MP: 9/9
  3129 | D:4      | Reached skill level 4 in Fighting
  3307 | D:4      | Noticed a kobold brigand
  3539 | D:4      | Killed a kobold brigand
  3540 | D:4      | Reached XP level 6. HP: 45/45 MP: 2/10
  3704 | D:4      | Noticed a black bear
  3848 | D:4      | Learned a level 3 spell: Call Canine Familiar
  4149 | D:4      | Reached skill level 5 in Fighting
  4149 | D:4      | Reached skill level 1 in Stealth
  4343 | D:5      | Entered Level 5 of the Dungeon
  4343 | D:5      | Found a staircase to the Ecumenical Temple.
  4357 | Temple   | Found a transporter.
  4357 | Temple   | Found a transporter.
  4357 | Temple   | Found a transporter.
  4357 | Temple   | Found a transporter.
  4357 | Temple   | Entered the Ecumenical Temple
  4389 | Temple   | Became a worshipper of Hepliaklqana the Forgotten
  4814 | D:5      | Reached XP level 7. HP: 37/50 MP: 3/11
  5138 | D:5      | Reached skill level 6 in Fighting
  5339 | D:5      | Reached skill level 5 in Stealth
  5402 | D:5      | Reached * piety under Hepliaklqana
  5597 | D:5      | Found a shimmering altar of Xom.
  5597 | D:5      | Found a glowing silver altar of Zin.
  5597 | D:5      | Found an ancient bone altar of Kikubaaqudgha.
  6384 | D:4      | Reached skill level 1 in Evocations
  6384 | D:4      | Reached XP level 8. HP: 42/52 MP: 7/12
  6481 | D:4      | Reached skill level 7 in Fighting
  6685 | D:6      | Identified the +1 hat "Jacsem" {rF+ Str-4 Dex+4}
  7481 | D:6      | Reached skill level 1 in Long Blades
  7683 | D:7      | Noticed Jeremiah
  7780 | D:7      | Reached skill level 1 in Polearms
  8049 | D:7      | Reached XP level 9. HP: 47/59 MP: 13/13
  8054 | D:7      | Reached skill level 5 in Dodging
  8315 | D:7      | Reached skill level 8 in Fighting
  8456 | D:8      | Reached ** piety under Hepliaklqana
  8457 | D:8      | Noticed a polar bear
  8468 | D:8      | Remembered your ancestor Huemac as a battlemage
  8478 | D:8      | Killed a polar bear
  8489 | D:8      | Gained mutation: Your flesh is heat resistant. (rF+)
                  | [potion of mutation]
  8489 | D:8      | Gained mutation: You are somewhat resistant to further
                  | mutation. [potion of mutation]
  8733 | D:8      | Noticed a rime drake
  8740 | D:8      | Killed a rime drake
  8741 | D:8      | Reached skill level 5 in Polearms
  8905 | D:7      | Reached XP level 10. HP: 64/65 MP: 14/14
  8976 | D:8      | Noticed Grum
  8990 | D:8      | Killed Grum
  9566 | D:8      | Found a staircase to the Lair.
 10053 | D:7      | Jeremiah changed into Jeremiah the swamp dragon
 10053 | D:7      | Noticed Jeremiah
 11186 | D:9      | Reached *** piety under Hepliaklqana
 11352 | D:9      | Found a staircase to the Orcish Mines.
 11459 | D:9      | Reached XP level 11. HP: 70/70 MP: 15/15
 11662 | D:10     | Entered Level 10 of the Dungeon
 11684 | D:10     | Noticed Maggie
 11686 | D:10     | Reached skill level 10 in Polearms
 11706 | D:10     | Killed Maggie
 12718 | D:11     | Noticed a boulder beetle
 12740 | D:11     | Killed a boulder beetle
 12844 | D:11     | Noticed a cyclops
 12850 | D:11     | Killed a cyclops
 12957 | D:11     | Reached skill level 5 in Evocations
 13003 | D:11     | Found an opulent altar of Gozag.
 13051 | D:11     | Reached **** piety under Hepliaklqana
 13344 | D:11     | Noticed a manticore
 13350 | D:11     | Killed a manticore
 13400 | D:11     | Noticed a cyclops
 13758 | D:11     | Noticed a two-headed ogre
 13767 | D:11     | Killed a two-headed ogre
 13769 | D:11     | Reached XP level 12. HP: 65/75 MP: 16/16
 13783 | D:11     | Reached skill level 10 in Dodging
 13831 | D:11     | Reached skill level 1 in Invocations
 13905 | D:11     | Identified the ring "Atuneoph" {rPois rC+}
 15196 | D:12     | Noticed Snorg
 15712 | D:12     | Noticed Psyche
 15749 | D:12     | Killed Psyche
 15823 | D:12     | Killed Snorg
 15824 | D:12     | Reached skill level 9 in Fighting
 15870 | D:12     | Noticed a two-headed ogre
 15890 | D:12     | Noticed a boulder beetle
 15901 | D:12     | Killed a boulder beetle
 15937 | D:12     | Killed a two-headed ogre
 16033 | D:12     | Noticed Sonja
 16034 | D:12     | Sonja changed into Sonja the tengu
 16034 | D:12     | Noticed Sonja
 16036 | D:12     | Killed Sonja the tengu
 18149 | D:7      | Killed Jeremiah the swamp dragon
 18150 | D:7      | Reached XP level 13. HP: 58/82 MP: 13/17
 18461 | Lair:1   | Entered Level 1 of the Lair of Beasts
 18611 | Lair:1   | Reached skill level 10 in Fighting
 19361 | Lair:2   | Reached ***** piety under Hepliaklqana
 20281 | Lair:3   | Found a hole to the Spider Nest.
 20507 | Lair:3   | Reached skill level 5 in Shields
 20632 | Lair:3   | Reached skill level 11 in Fighting
 22198 | Lair:4   | Noticed Josephine
 22206 | Lair:4   | Killed Josephine
 22846 | Lair:3   | Reached XP level 14. HP: 67/91 MP: 10/18
 22972 | Lair:4   | Reached skill level 12 in Fighting
 23774 | Lair:5   | Entered Level 5 of the Lair of Beasts
 24088 | Lair:5   | Found a staircase to the Slime Pits.
 24088 | Lair:5   | Found a viscous altar of Jiyva.
 24567 | Lair:5   | Reached skill level 13 in Fighting
 25557 | Lair:5   | Identified the +8 swamp dragon scales of Beahiv {rPois rF+
                  | rN+}
 25608 | Lair:5   | Reached XP level 15. HP: 88/100 MP: 16/19
 26259 | Lair:5   | Reached skill level 14 in Fighting
 26389 | Lair:5   | Found a corrupted altar of Lugonu.
 26389 | Lair:5   | Found a one-way gate to the infinite horrors of the Abyss.
 26785 | D:13     | Found a portal to a secret trove of treasure.
 26936 | D:13     | Found a frozen archway.
 26940 | D:13     | Noticed Frances
 26946 | IceCv    | Entered an ice cave
 27599 | D:13     | Killed Frances
 28238 | D:13     | Reached skill level 15 in Fighting
 28775 | D:13     | Found a gate to the Vaults.
 29130 | D:13     | Noticed Jorgrun
 29139 | D:13     | Killed Jorgrun
 29197 | D:14     | Reached ****** piety under Hepliaklqana
 30215 | D:14     | Learned a level 2 spell: Passwall
 30221 | D:14     | Learned a level 5 spell: Summon Forest
 30227 | D:14     | Learned a level 5 spell: Summon Mana Viper
 30228 | D:15     | Entered Level 15 of the Dungeon
 30403 | D:15     | Reached skill level 1 in Summonings
 30403 | D:15     | Reached skill level 1 in Translocations
 30547 | D:15     | Reached XP level 16. HP: 111/111 MP: 20/20
 30818 | D:15     | Noticed Rupert
 31134 | D:15     | Found a staircase to the Depths.
 31670 | Orc:1    | Entered Level 1 of the Orcish Mines
 31670 | Orc:1    | Noticed Maurice
 31674 | Orc:1    | Maurice changed into Maurice the frilled lizard
 31674 | Orc:1    | Noticed Maurice
 31677 | Orc:1    | Killed Maurice the frilled lizard
 31763 | Orc:1    | Reached skill level 16 in Fighting
 32239 | Orc:2    | Entered Level 2 of the Orcish Mines
 32240 | Orc:2    | Found Hurauk's General Store.
 32273 | Orc:2    | Found a staircase to the Elven Halls.
 32350 | Orc:2    | Found Siogg's General Store.
 32358 | Orc:2    | Bought a scroll of blinking for 97 gold pieces
 32358 | Orc:2    | Bought a potion of heal wounds for 65 gold pieces
 32371 | Orc:2    | Found a dark tunnel.
 32378 | Volcano  | Entered a volcano
 32532 | Volcano  | Reached skill level 5 in Summonings
 32532 | Volcano  | Reached skill level 5 in Translocations
 32901 | Orc:2    | Found Ciabor's General Store.
 32989 | Orc:2    | Bought a wand of charming (4) for 124 gold pieces
 32991 | Orc:2    | Bought a scroll of enchant weapon for 82 gold pieces
 32991 | Orc:2    | Bought a scroll of summoning for 104 gold pieces
 32991 | Orc:2    | Bought a potion of curing for 33 gold pieces
 33005 | Orc:2    | Learned a level 4 spell: Passage of Golubria
 33284 | Orc:2    | Reached skill level 5 in Spellcasting
 33373 | Orc:2    | Found Vaocs's Jewellery Emporium.
 33373 | Orc:2    | Found Noyteel's Antique Armour Shoppe.
 33373 | Orc:2    | Found a one-way gate leading to the halls of Pandemonium.
 33380 | Orc:2    | Bought a ring of wizardry for 360 gold pieces
 33380 | Orc:2    | Bought the ring of Spite {rPois Dex+6 Stlth+} for 508 gold
                  | pieces
 33382 | Orc:2    | Bought a +6 ring of strength for 432 gold pieces
 33459 | Elf:1    | Entered Level 1 of the Elven Halls
 33917 | Elf:1    | Reached XP level 17. HP: 67/116 MP: 15/25
 33929 | Elf:1    | Noticed Agnes
 34582 | Elf:1    | Killed Agnes
 34783 | Elf:1    | Noticed Zenata
 34806 | Elf:1    | Killed Zenata
 34958 | Elf:1    | Got Cecwadadd's Monograph on Creation
 35970 | Elf:2    | Paralysed by an air elemental for 1 turns
 36181 | Elf:2    | Found a runed translucent gate.
 36182 | Elf:2    | Found a runed translucent gate.
 36182 | Elf:2    | Found a runed translucent gate.
 36201 | Elf:2    | Paralysed by an air elemental for 1 turns
 36436 | Elf:2    | Identified the +0 barding "Xyanaano" {rPois Slay+3}
 36657 | Elf:2    | Identified the serpent talisman "Doinn" {rF+}
 36657 | Elf:2    | Noticed Aizul
 36689 | Elf:3    | Entered Level 3 of the Elven Halls
 36763 | Elf:3    | Reached XP level 18. HP: 123/123 MP: 28/28
 36951 | Elf:3    | Found a radiant altar of Vehumet.
 36980 | Elf:3    | Paralysed by an air elemental for 1 turns
 37015 | Elf:3    | Reached skill level 17 in Fighting
 37331 | Elf:3    | Reached skill level 10 in Shields
 37456 | Elf:3    | Paralysed by an air elemental for 1 turns
 37483 | Elf:3    | Noticed a deep elf blademaster
 37490 | Elf:3    | Killed a deep elf blademaster
 37491 | Abyss:2  | Cast into level 2 of the Abyss (a deep elf demonologist)
 37651 | Abyss:2  | Reached skill level 1 in Hexes
 37707 | Abyss:2  | Found a broken altar of Ashenzari.
 37762 | Abyss:2  | Found a corrupted altar of Lugonu.
 37897 | Abyss:3  | Found a corrupted altar of Lugonu.
 37919 | Abyss:3  | Found a corrupted altar of Lugonu.
 38005 | Elf:3    | Escaped the Abyss
 38007 | Elf:3    | Noticed a Tzitzimitl
 38012 | Elf:3    | Noticed a deep elf master archer
 38018 | Elf:3    | Killed a deep elf master archer
 38298 | Elf:3    | Identified the ring "Ocamy Riu" {rF+ rC- Dex+6 SInv}
 38411 | Elf:3    | Identified the ring "Parovel" {Int+2 SInv}
 38430 | Elf:3    | Reached skill level 5 in Hexes
 38850 | Elf:3    | Identified the +8 long sword "Zamick" {flame, rF+ rC+ rN+
                  | Int+3}
 38850 | Elf:3    | Identified the ring of Luir {+Blink Will- AC+4 Int+4}
 38878 | Elf:3    | Identified the ring of the Tarantula {+Blink MP+9 Dex+3}
 39046 | Elf:3    | Reached skill level 18 in Fighting
 39093 | Elf:3    | Noticed a deep elf blademaster
 39102 | Elf:3    | Killed a deep elf blademaster
 39138 | Elf:3    | Noticed a deep elf blademaster
 39149 | Elf:3    | Killed a deep elf blademaster
 39199 | Elf:3    | Identified the +5 dagger of the Mordant God {drain, rElec
                  | Str+4}
 39270 | Elf:3    | Noticed a deep elf master archer
 39273 | Elf:3    | Killed a deep elf master archer
 39286 | Elf:3    | Noticed a deep elf master archer
 39289 | Elf:3    | Killed a deep elf master archer
 39639 | Elf:3    | Got the Incunable of the Birds
 39746 | Elf:3    | Noticed a deep elf master archer
 40137 | Elf:3    | Killed a deep elf master archer
 40548 | Lair:3   | Reached skill level 1 in Shapeshifting
 40549 | Lair:3   | Reached XP level 19. HP: 131/131 MP: 29/29
 40550 | Lair:3   | Found a staircase to the Swamp.
 40566 | Swamp:1  | Entered Level 1 of the Swamp
 40575 | Swamp:1  | Reached skill level 10 in Summonings
 41333 | Swamp:1  | Identified the +4 hand axe of Curupik {holy, rF+ Int+7
                  | Dex-4}
 41450 | Swamp:1  | Found a runed translucent gate.
 41450 | Swamp:1  | Found a runed translucent gate.
 41450 | Swamp:1  | Found a runed translucent gate.
 41453 | Swamp:1  | Noticed lis82's ghost (journeyman DgIE)
 41471 | Swamp:1  | Killed lis82's ghost
 41483 | Swamp:1  | Identified the +1 plate armour "Nabyupn" {+Inv}
 42051 | Swamp:3  | Reached skill level 5 in Shapeshifting
 42837 | Swamp:4  | Entered Level 4 of the Swamp
 43634 | Swamp:4  | Got a decaying rune of Zot
 44299 | Spider:1 | Entered Level 1 of the Spider Nest
 44901 | Spider:2 | Reached XP level 20. HP: 129/137 MP: 30/30
 44932 | Spider:2 | Reached skill level 10 in Shapeshifting
 46037 | Orc:2    | Bought a maw talisman for 390 gold pieces
 46890 | Spider:4 | Entered Level 4 of the Spider Nest
 46998 | Spider:4 | Reached skill level 19 in Fighting
 47789 | Spider:4 | Found the +3 pair of mountain boots {steadfast, rC+}
 47826 | Spider:4 | Identified the +1 pair of boots of Dayjaonk {Dex+3}
 47838 | Spider:4 | Got a gossamer rune of Zot
 48412 | Vaults:1 | Entered Level 1 of the Vaults
 48457 | Vaults:1 | Reached skill level 10 in Evocations
 48464 | Vaults:1 | Reached skill level 15 in Dodging
 48488 | Vaults:1 | Reached XP level 21. HP: 125/145 MP: 31/31
 48930 | Vaults:1 | Identified the +7 spear "Diell" {drain, Int+2}
 49119 | Vaults:1 | Found a transporter.
 49119 | Vaults:1 | Found Guffa's Antique Armour Boutique.
 49151 | Vaults:1 | Found a transporter.
 49345 | Vaults:1 | Reached skill level 5 in Invocations
 49574 | Vaults:2 | Reached skill level 20 in Fighting
 50136 | Vaults:2 | Found a runed translucent gate.
 50137 | Vaults:2 | Found a runed translucent gate.
 50139 | Vaults:2 | Found a runed translucent gate.
 50141 | Vaults:2 | Noticed Ukiefoc's ghost (adept DrFE)
 50196 | Vaults:2 | Found Atisur's Magic Scroll Boutique.
 50201 | Vaults:2 | Bought a scroll of teleportation for 45 gold pieces
 50201 | Vaults:2 | Bought a scroll of teleportation for 45 gold pieces
 50201 | Vaults:2 | Bought a scroll of teleportation for 45 gold pieces
 50201 | Vaults:2 | Bought a scroll of teleportation for 45 gold pieces
 50682 | Vaults:2 | Noticed Norris
 50691 | Vaults:2 | Killed Norris
 50911 | Vaults:2 | Identified the ring "Zishalee" {MP+9 Str-5 Dex+7}
 50913 | Vaults:2 | Identified the staff of Beimintu {rCorr Earth}
 51412 | Vaults:2 | Killed Ukiefoc's ghost
 51506 | Vaults:2 | Identified the +5 war axe of Impeachment {antimagic, rN+
                  | Str+5}
 52205 | Vaults:3 | Reached skill level 21 in Fighting
 52508 | Vaults:3 | Reached XP level 22. HP: 156/156 MP: 32/32
 52926 | Vaults:3 | Found a staircase to the Crypt.
 53406 | Vaults:4 | Noticed a dread lich
 53568 | Vaults:4 | Killed a dread lich
 53583 | Vaults:4 | Reached skill level 1 in Air Magic
 53705 | Vaults:4 | Learned a level 5 spell: Silence
 54145 | Vaults:4 | Reached skill level 22 in Fighting
 54401 | Vaults:4 | Found the +9 scales of the Dragon King {rPois rF+ rC+
                  | Will+}
 54822 | D:15     | Killed Rupert
 54900 | Depths:1 | Entered Level 1 of the Depths
 55013 | Depths:1 | You fall into a shaft and drop 1 floor!
 55058 | Depths:2 | Reached skill level 10 in Invocations
 55060 | Depths:2 | Reached skill level 5 in Air Magic
 55229 | Depths:2 | Reached XP level 23. HP: 134/163 MP: 33/33
 55278 | Depths:2 | Identified the amulet "Guigrode" {Spirit +Blink rC- Str+3}
 55307 | Depths:2 | Identified the ring "Ydgheasuu" {Fly rC+ Dex+4}
 55366 | Depths:2 | Identified the amulet "Mashrar" {Acrobat +Blink Str+5
                  | Slay+3}
 55386 | Depths:2 | Identified the ring "Vaunkier" {rN+ rCorr MP-9 Int+2 Dex+3}
 55442 | Depths:2 | Noticed a juggernaut
 55451 | Depths:2 | Killed a juggernaut
 55654 | Depths:2 | Found a burning altar of Makhleb.
 55907 | Depths:2 | Found Xorit's Armour Shoppe.
 56184 | Depths:2 | Found a gateway to Hell.
 56603 | Depths:1 | Found an iron altar of Okawaru.
 57171 | Depths:1 | Identified the ring "Arpheb" {Will+ Str+9 Int-2 Dex+2}
 57786 | Depths:1 | Identified the +3 orcbow "Pehiest" {heavy, rF+ Str+3}
 58921 | Depths:3 | Reached skill level 15 in Polearms
 59032 | Depths:3 | Reached XP level 24. HP: 162/170 MP: 35/35
 59579 | Depths:3 | Reached skill level 10 in Hexes
 59626 | Depths:3 | Found a glowing silver altar of Zin.
 59848 | Depths:4 | Entered Level 4 of the Depths
 60380 | Depths:4 | Found a one-way gateway to a ziggurat.
 60453 | Depths:4 | Reached skill level 10 in Stealth
 60529 | Depths:4 | Found a gate to the Realm of Zot.
 60798 | Depths:4 | Upgraded the game from 0.31-a0-1343-gcd514f47d3 to
                  | 0.31-a0-1363-g282adc679d
 61424 | Depths:4 | Found an ornate altar of the Wu Jian Council.
 61549 | Depths:2 | Learned a level 3 spell: Swiftness
 61554 | Depths:2 | Learned a level 4 spell: Cause Fear
 62029 | Elf:2    | Killed Aizul
 62115 | Elf:2    | Noticed Azrael
 62121 | Elf:2    | Killed Azrael
 62401 | Elf:2    | Learned a level 4 spell: Summon Lightning Spire
 62556 | Orc:2    | Bought the amulet "Naados" {-Cast Regen+ Dex+8} for 561
                  | gold pieces
 62843 | Crypt:1  | Entered Level 1 of the Crypt
 63749 | Crypt:1  | Reached XP level 25. HP: 175/175 MP: 35/35
 64689 | Crypt:3  | Entered Level 3 of the Crypt
 65174 | Crypt:3  | Found an ancient bone altar of Kikubaaqudgha.
 65186 | Crypt:3  | Noticed an ancient lich
 65200 | Crypt:3  | Killed an ancient lich
 65317 | Crypt:3  | Noticed Vv
 65327 | Crypt:3  | Killed Vv
 65517 | Crypt:3  | Found a staircase to the Tomb.
 66538 | Vaults:5 | Entered Level 5 of the Vaults
 66569 | Vaults:5 | Noticed a dread lich
 66787 | Vaults:5 | Identified the amulet "Oqoycer" {Spirit rF+ rN+ Int+3}
 66789 | Vaults:5 | Identified the +0 leather armour of Life {Regen+ MP+9
                  | Slay-6}
 66815 | Vaults:5 | Reached skill level 10 in Spellcasting
 66850 | Vaults:5 | Identified the +11 mace of Desertification {spect, rElec
                  | rC+ rN+ Int+2}
 66964 | Vaults:5 | Got the Atlas of the Hindering Pyromaniac
 67003 | Vaults:5 | Reached skill level 1 in Earth Magic
 67003 | Vaults:5 | Reached skill level 1 in Alchemy
 67110 | Vaults:5 | Killed a dread lich
 67111 | Vaults:5 | Reached XP level 26. HP: 120/180 MP: 37/37
 67615 | Vaults:5 | Got a silver rune of Zot
 67871 | Vaults:5 | Identified the +7 bardiche of Superiority {venom, rF+ rN+
                  | Str+4 SInv}
 68029 | Vaults:5 | Identified the ring of Untruth {Wiz rC- Will++ Dex+5}
 68280 | Vaults:5 | Identified the +0 pair of gloves of Good Intentions {Will+
                  | rCorr}
 68559 | Vaults:5 | Reached skill level 5 in Alchemy
 69335 | Zot:1    | Entered Level 1 of the Realm of Zot
 69336 | Zot:1    | Found an opulent altar of Gozag.
 69336 | Zot:1    | Found an opulent altar of Gozag.
 69615 | Zot:1    | Found an opulent altar of Gozag.
 69678 | Zot:1    | Reached skill level 5 in Earth Magic
 70337 | Zot:1    | Got the Volume of the Toxic Tundra
 70366 | Zot:1    | Found a runed translucent door.
 70366 | Zot:1    | Noticed Lioda's ghost (legendary MiBe)
 70843 | Zot:2    | Reached XP level 27. HP: 169/186 MP: 37/37
 72661 | Zot:4    | Reached skill level 15 in Evocations
 72730 | Zot:5    | Entered Level 5 of the Realm of Zot
 73452 | Zot:5    | Noticed an ancient lich
 73471 | Zot:5    | Killed an ancient lich
 73702 | Zot:5    | Noticed a dread lich
 73713 | Zot:5    | Killed a dread lich
 73743 | Zot:5    | Noticed an orb of fire
 73750 | Zot:5    | Killed an orb of fire
 73938 | Zot:5    | Killed an ancient lich
 74000 | Zot:5    | Reached skill level 23 in Fighting
 74055 | Zot:5    | Noticed an orb of fire
 74064 | Zot:5    | Killed an orb of fire
 74083 | Zot:5    | Noticed an orb of fire
 74097 | Zot:5    | Killed an orb of fire
 74621 | Zot:5    | Noticed an orb of fire
 74622 | Zot:5    | Noticed an orb of fire
 74876 | Zot:5    | Killed an orb of fire
 75157 | Zot:5    | Gained mutation: You occasionally lose the ability to drink
                  | potions when taking damage. [an orb of fire]
 75159 | Zot:5    | Killed an orb of fire
 75489 | Zot:5    | Lost mutation: You are somewhat resistant to further
                  | mutation. [potion of mutation]
 75489 | Zot:5    | Lost mutation: You occasionally lose the ability to drink
                  | potions when taking damage. [potion of mutation]
 75489 | Zot:5    | Gained mutation: You are partially covered in iridescent
                  | scales. (AC +2) [potion of mutation]
 75489 | Zot:5    | Gained mutation: You are robust. (+10% HP) [potion of
                  | mutation]
 75489 | Zot:5    | Lost mutation: You are robust. (+10% HP) [potion of
                  | mutation]
 75489 | Zot:5    | Gained mutation: You passively dampen the noise of your
                  | surroundings. [potion of mutation]
 75501 | Zot:5    | Got the Orb of Zot
 75609 | Zot:1    | Reached skill level 24 in Fighting
 75644 | Depths:3 | Noticed Qazxeju the pandemonium lord
 75860 | D:13     | Noticed Morefofi the pandemonium lord
 76052 | D:2      | Noticed Ufrer the pandemonium lord
 76122 | D:$      | Escaped with the Orb!

Illustrated notes

Levels and vault maps discovered:
D:1:      nzn_arrival_depleted_hourglass, layout_basic
D:2:      layout_loops_ring
D:3:      layout_basic, serial_shops, nicolae_shop_stone,
          nicolae_figureground_pulse
D:4:      layout_cave_pods
D:5:      layout_basic, gammafunk_temple_overflow_claw,
          minmay_temple_entry_overgrown, nicolae_tricolors
D:6:      layout_rooms, kb_lookout_dungeons_type
D:7:      layout_loops_cross, uniq_jeremiah
D:8:      layout_cave_pools, hellmonk_lair_entry_icy, serial_rivers,
          chequers_serial_rivers_micro_d, chequers_serial_rivers_micro_a,
          chequers_serial_rivers_micro_d, chequers_serial_rivers_small_3,
          chequers_serial_rivers_micro_a, chequers_serial_rivers_large_a,
          nicolae_grassy_gnolls, uniq_grum
D:9:      layout_roguey, kennysheep_orc_monster_closet_entryway,
          nicolae_figureground_sparkle
D:10:     layout_roguey, uniq_maggie
D:11:     kennysheep_town
D:12:     layout_basic, nicolae_fort_ynox, uniq_psyche, uniq_snorg, uniq_sonja
D:13:     layout_basic, david_vaults_5, portal_ice_cave_entry_pillars_2,
          nicolae_trove_entry_columns, uniq_frances, uniq_jorgrun
D:14:     layout_rooms, roderic_lattice_octagonal_star
D:15:     grunt_enter_depths_snipers, layout_loops_corners, minivault_23,
          drop_trap, uniq_rupert
Temple:   hellmonk_temple_divided_pantheon
Lair:1:   layout_layer_cave, infiniplex_staircase_pool_2, grunt_megastairs_5
Lair:2:   layout_roguey, st_stairs_3
Lair:3:   layout_gridlike, palyth_hydra_swamp_entry, spider_nest_entry_webs,
          cheibrodos_lair_lostbears
Lair:4:   layout_long_grid, st_stairs_3, beast_lair_carwin_2, uniq_josephine
Lair:5:   hellmonk_lair_end_abyssal_woods, layout_gridlike, slime_entry_1,
          serial_bayou_shore_a
Swamp:1:  layout_falls_marsh, ebering_ghost_rock_garden, nicolae_swamp_oxbows
Swamp:2:  layout_basic_swamp, evilmike_swamp_ruin_house_1
Swamp:3:  layout_basic_swamp, hangedman_swamp_cone, swamp_pool_5
Swamp:4:  swamp, layout_basic_swamp, swamp_pool_1_2
Spider:1: layout_spider_delve
Spider:2: nicolae_spider_corner
Spider:3: layout_spider_delve, nicolae_crawler_farm, nicolae_spider_cling_halls
Spider:4: hellmonk_spider_rune_endless_swarm
Orc:1:    layout_caves, mines2_david, uniq_maurice
Orc:2:    pf_orc_diabolical, layout_caves, special_room, enter_volcano_2,
          serial_shops, shop, einodemon_armed_red_devil_minivault
Elf:1:    nicolae_elf_arrival_no_cutting_in_line, layout_loops_cross,
          minmay_elf_demonology, uniq_agnes, uniq_zenata
Elf:2:    nicolae_elf_blades_crystal_corner, layout_onion_city, uniq_aizul,
          uniq_azrael
Elf:3:    minmay_elf_hall_furrowed, layout_loops_ring, basic_altar
Vaults:1: nicolae_vaults_frosty_reception, nicolae_vaults_mini_display_case,
          nicolae_vaults_storage_room_statues, nicolae_vaults_tetromino_T_1,
          ontoclasm_vaults_chip, hangedman_vaults_trim, grunt_vaults_twisty,
          vaults_room_semicircle, hangedman_vaults_stagger,
          vaults_room_large_hall, nicolae_vaults_trapezoid_2,
          layout_vaults_ring, serial_shops, nicolae_shop_drivethru
Vaults:2: ebering_ghost_rock_garden, nicolae_vaults_storing_the_good_stuff,
          v_rooms_3, v_alt_pattern_2, nicolae_vaults_more_shelving_2,
          nicolae_vaults_house_2, nicolae_vaults_tetromino_Z_1,
          ontoclasm_vaults_loading_screen, v_rooms_6,
          hangedman_vaults_corner_blocks, v_misc_24, layout_vaults_omnigrid,
          serial_shops, nicolae_shop_hallway_plus, uniq_norris
Vaults:3: st_octagons_2, minmay_crypt_entry_simple_plaza, v_pattern_4,
          nicolae_vaults_shrinking_rooms_1,
          nicolae_vaults_offset_grid_hallway_4, ontoclasm_vaults_twist,
          v_misc_29, dpeg_vaults_monster_row, nicolae_vaults_storage_closets_3,
          nicolae_vaults_spaceships, nicolae_vaults_oval_intersection,
          nicolae_vaults_tetromino_T_1, layout_vaults_maze_snakey
Vaults:4: nicolae_vaults_murder_corner, nicolae_vaults_little_squares_2,
          nicolae_vaults_double_plus_2, nicolae_vaults_little_squares_2,
          hangedman_vaults_cutoff, vaults_room_semicircle,
          nicolae_vaults_specimen_jars, nicolae_vaults_little_squares_3,
          nicolae_vaults_apartment_2, nicolae_vaults_storage_room_doors,
          layout_vaults_big_room
Vaults:5
Crypt:1:  layout_misc_corridors, grunt_ministairs_12, grunt_crypt_arrival_split
Crypt:2:  layout_chaotic_city
Crypt:3:  cryptofortress_bobbens, uniq_vv
Depths:1: layout_honeycomb, grunt_hell_entry_demonic_statue,
          okawaru_ov_weapons_minmay, hangedman_abyss_entry_splay,
          hangedman_corner_corridor
Depths:2: minmay_the_grid_triangle_9x9_rhombus_full_mashed
          [minmay_the_grid_triangle_9x9_cache,
          minmay_the_grid_triangle_9x9_odd_lines,
          minmay_the_grid_triangle_9x9_shrine,
          minmay_the_grid_triangle_9x9_descending_squares,
          minmay_the_grid_triangle_9x9_impossible_snake,
          minmay_the_grid_triangle_9x9_minimal,
          minmay_the_grid_triangle_9x9_wacky_v,
          minmay_the_grid_triangle_9x9_prize_special], layout_gridville,
          ebering_dispersal_statue_hall, serial_shops,
          nicolae_shop_real_fake_doors, hell_entry, rand_demon_pan_entry_3,
          infiniplex_staircase_zigzag_5, serial_bayou_shore_b,
          grunt_megastairs_3
Depths:3: kennysheep_windowed_halls, layout_honeycomb, zin_angel,
          rand_demon_pan_entry_7, abyss_entry, pf_hell_entry_tar_spiral,
          infiniplex_staircase_pillars_2
Depths:4: grunt_zot_entry_funnels, layout_basic, enter_ziggurat_b, hell_entry,
          nzn_wu_jian_council_hall, grunt_pan_entry_zigzag
Zot:1:    layout_gridville, gammafunk_ghost_grave, grunt_ministairs_8,
          regret_index_zotdec_silver_v_v_loose
Zot:2:    layout_basic, regret_index_zotdec_under_construction, lemuel_elevator
Zot:3:    layout_basic
Zot:4:    layout_misc_corridors
Zot:5:    layout_gridville, st_stairs_3, grunt_ministairs_6

Skill      XL: |  1  2  3  4  5  6  7  8  9 10 11 12 13 14 15 16 17 18 19 20 21 22 23 24 25 26 27 |
---------------+----------------------------------------------------------------------------------+-----
Fighting       | 2 3 4 5 6 7 8 9 11 13 15 16 18 19 21 22 24 | 24.1
Dodging        | 1 2 3 4 6 8 9 10 11 12 13 15 16 17 18 19 20 | 20.3
Stealth        | 3 5 8 11 | 11.0
Evocations     | 1 2 6 7 10 11 13 15 | 15.0
Long Blades    | 2 |  2.1
Polearms       | 2 6 9 11 12 13 14 15 16 17 18 19 | 19.5
Invocations    | 4 7 10 11 12 13 | 13.7
Shields        | 3 6 8 9 10 11 12 | 12.6
Summonings     | 2 7 9 11 | 11.0
Translocations | 2 7 9 |  9.7
Spellcasting   | 5 7 8 10 | 10.0
Hexes          | 8 9 11 12 | 12.2
Shapeshifting  | 1 9 10 11 12 | 12.0
Air Magic      | 6 8 |  8.5
Earth Magic    | 2 6 8 |  8.1
Alchemy        | 2 7 8 |  8.8
Short Blades   | |  2.0
Fire Magic     | |  2.0

Action                     |  1- 3 |  4- 6 |  7- 9 | 10-12 | 13-15 | 16-18 | 19-21 | 22-24 | 25-27 || total
---------------------------+-------+-------+-------+-------+-------+-------+-------+-------+-------++-------
  Melee: Dagger            |    47 |    72 |   107 |       |       |       |       |       |       ||   226
         Short sword       |     4 |       |       |       |       |       |       |       |       ||     4
         Constrict         |    12 |    21 |    42 |    45 |    76 |   132 |   117 |   130 |   174 ||   749
         Tentacles         |     6 |    12 |    52 |    91 |   240 |   197 |   337 |   439 |   446 ||  1820
         Punch             |       |       |     1 |     7 |    13 |    18 |    27 |    32 |    39 ||   137
         Spear             |       |       |    48 |    39 |       |       |       |       |       ||    87
         Trident           |       |       |       |   432 |   854 |   273 |       |       |       ||  1559
         Demon trident     |       |       |       |       |       |   593 |  1190 |  1304 |  1215 ||  4302
         Maw               |       |       |       |       |       |       |   261 |   550 |   504 ||  1315
         Trishula          |       |       |       |       |       |       |       |       |   105 ||   105
  Throw: Dart              |       |     1 |     9 |     7 |     3 |       |       |     2 |       ||    22
         Throwing net      |       |       |       |       |     1 |       |       |       |       ||     1
   Cast: Foxfire           |    37 |    58 |    64 |     9 |     2 |       |       |       |       ||   170
         Summon Forest     |       |       |       |       |       |    14 |    18 |     6 |     6 ||    44
         Passwall          |       |       |       |       |       |     1 |       |       |     3 ||     4
         Summon Mana Viper |       |       |       |       |       |       |     3 |       |    28 ||    31
         Call Canine Famil |       |       |       |       |       |       |     1 |     1 |       ||     2
 Invoke: Recall Ancestor   |       |       |     9 |    14 |    28 |    34 |     7 |     8 |    22 ||   122
         Ancestor Life: Ba |       |       |     1 |       |       |       |       |       |       ||     1
         Idealise          |       |       |       |     1 |     5 |    11 |     4 |     8 |     9 ||    38
Ability: Evoke Blink       |       |       |       |       |       |       |     1 |     2 |     2 ||     5
  Evoke: Wand              |       |       |    11 |    13 |     4 |     5 |       |       |    18 ||    51
         Lightning rod     |       |       |       |     4 |     8 |     3 |       |       |       ||    15
         Phantom mirror    |       |       |       |       |       |       |     1 |       |       ||     1
    Use: Scroll            |     2 |     1 |     7 |     6 |    17 |    10 |     6 |     6 |    12 ||    67
         Potion            |     1 |       |     1 |       |       |     3 |     2 |       |     7 ||    14
   Stab: Sleeping          |     5 |     7 |     6 |    12 |     8 |    17 |    35 |    19 |     9 ||   118
         Invisible         |     1 |     1 |       |       |       |       |       |       |       ||     2
         Distracted        |       |       |     1 |    10 |    25 |    36 |    46 |    69 |    72 ||   259
         Held in net/web   |       |       |       |       |     1 |       |       |       |       ||     1
         Betrayed ally     |       |       |       |       |       |       |       |       |     1 ||     1
 Armour: Skin              |    15 |    15 |    53 |   124 |   187 |   125 |   124 |   154 |   168 ||   965
  Dodge: Dodged            |    23 |    28 |   123 |   237 |   390 |   243 |   438 |   428 |   480 ||  2390
  Block: Buckler           |     7 |    13 |    33 |    36 |       |       |       |       |       ||    89
         Kite shield       |       |       |       |    40 |   474 |   302 |   891 |   820 |   822 ||  3349
         Reflection        |       |       |       |       |       |       |    47 |    30 |    35 ||   112
   Form: Maw               |       |       |       |       |       |       |     1 |       |       ||     1

Table legend: (Time is in decaauts)
 A = Elapsed time spent in this place.
 B = Non-inter-level travel time spent in this place.
 C = Inter-level travel time spent in this place.
 D = Time resting spent in this place.
 E = Time spent auto-exploring this place.
 F = Levels seen in this place.
 G = Mean time per level.
                   A        B        C        D        E       F      G
               +--------+--------+--------+--------+--------+-----+--------+
         Total |  74635 |  68145 |   6490 |  22030 |  28748 |  55 | 1357.0 |
       Dungeon |  24415 |  21813 |   2602 |   6921 |   9733 |  15 | 1627.7 |
        Temple |     48 |     34 |     14 |      0 |      0 |   1 |   48.0 |
          Lair |   8338 |   7743 |    595 |   2469 |   3754 |   5 | 1667.6 |
         Swamp |   3665 |   3584 |     81 |   1124 |   1695 |   4 |  916.2 |
   Spider Nest |   3541 |   3298 |    243 |    638 |   1605 |   4 |  885.2 |
  Orcish Mines |   2041 |   1827 |    214 |    592 |    656 |   2 | 1020.5 |
   Elven Halls |   6634 |   6337 |    297 |   3273 |   1367 |   3 | 2211.3 |
        Vaults |   9307 |   8222 |   1085 |   1918 |   4410 |   5 | 1861.4 |
         Crypt |   2686 |   2552 |    134 |    335 |   1384 |   3 |  895.3 |
        Depths |   7160 |   6517 |    643 |   1804 |   3364 |   4 | 1790.0 |
           Zot |   5796 |   5217 |    579 |   2625 |    780 |   5 | 1159.2 |
         Abyss |    479 |    479 |      0 |     83 |      0 |   2 |  239.5 |
      Ice Cave |    348 |    348 |      0 |    203 |      0 |   1 |  348.0 |
       Volcano |    171 |    171 |      0 |     41 |      0 |   1 |  171.0 |
               +--------+--------+--------+--------+--------+-----+--------+

Top non-repeatable levels by time:
   Elf:3: 3081 daAuts
    D:11: 2868 daAuts
  Lair:4: 2867 daAuts
   Zot:5: 2734 daAuts
    D:12: 2524 daAuts
    D:13: 2499 daAuts
  Lair:5: 2327 daAuts
Vaults:5: 2161 daAuts
     D:7: 2147 daAuts
Vaults:2: 2105 daAuts
Depths:3: 2096 daAuts
   Elf:1: 2083 daAuts
Vaults:3: 1984 daAuts
Depths:2: 1811 daAuts
Depths:1: 1658 daAuts
